 Dungeon Crawl Stone Soup version 0.28.0-62-gf88900778d (webtiles) character file.

Game seed: 13308717390018273966

21413 cbfl8 the Cleaver (level 12, -8/105 HPs)
             Began as a Hill Orc Fighter on May 1, 2023.
             Was a High Priest of Beogh.
             Mangled by Saint Roka
             ... wielding a +4 halberd of venom
              (45 damage)
             ... on level 1 of the Orcish Mines.
             The game lasted 00:19:20 (13172 turns).

cbfl8 the Cleaver (Hill Orc Fighter)               Turns: 13172, Time: 00:19:21

Health: -8/105     AC: 14    Str: 24    XL:     12   Next: 89%
Magic:  17/17      EV: 10    Int:  8    God:    Beogh [*****.]
Gold:   850        SH: 17    Dex: 20    Spells: 11/11 levels left

rFire   + + .      SeeInvis +   a - +1 war axe (freeze)
rCold   + . .      Faith    .   k - +0 kite shield
rNeg    . . .      Spirit   .   A - +0 chain mail {Will+}
rPois   .          Reflect  +   F - +0 hat {SInv}
rElec   .          Harm     .   d - +0 cloak
rCorr   .          Rampage  .   j - +0 pair of gloves
Will    +++..                   (no boots)
Stlth   ..........              l - amulet "Tacvuhui" {Reflect +Blink rF+ Will+ Regen+ SH+5}
HPRegen 1.07/turn               q - ring "Alac" {rF+ rC+ Will+ Str+4}
MPRegen 0.15/turn               u - +6 ring of dexterity

@: about to teleport
A: walk on water
a: Renounce Religion, Evoke Blink, Smiting, Recall Orcish Followers, Give Item
to Named Follower


You were on level 1 of the Orcish Mines.
You worshipped Beogh.
Beogh was extremely pleased with you.
You visited 2 branches of the dungeon, and saw 15 of its levels.

You collected 880 gold pieces.
You spent 30 gold pieces at shops.

Inventory:

Hand Weapons
 a - a +1 war axe of freezing (weapon)
Missiles
 G - 6 throwing nets
Armour
 d - a +0 cloak (worn)
 j - a +0 pair of gloves (worn)
 k - a +0 kite shield (worn)
 v - a +0 plate armour
 A - a +0 chain mail of willpower (worn)
 F - a +0 hat of see invisible (worn)
Jewellery
 l - the amulet "Tacvuhui" (around neck) {Reflect +Blink rF+ Will+ Regen+ SH+5}
   (You found it on level 2 of the Dungeon)

   [amulet of reflection]

   It reflects blocked missile attacks.
   rF:        It protects you from fire.
   +Blink:    It lets you blink.
   Regen:     It increases your rate of health regeneration.
   SH:        It affects your SH (+5).
   Will:      It increases your willpower.
 q - the ring "Alac" (left hand) {rF+ rC+ Will+ Str+4}
   (You found it on level 3 of the Dungeon)

   [ring of willpower]

   Str:       It affects your strength (+4).
   rF:        It protects you from fire.
   rC:        It protects you from cold.
   Will:      It increases your willpower.
 t - a ring of protection from cold
 u - a +6 ring of dexterity (right hand)
Wands
 e - a wand of digging (12)
 B - a wand of polymorph (23)
Scrolls
 c - a scroll of magic mapping {unknown}
 h - 2 scrolls of fear
 n - 2 scrolls of fog {unknown}
 r - a scroll of enchant weapon
 w - 2 scrolls of silence {unknown}
 y - a scroll of teleportation
 D - a scroll of torment {unknown}
 H - a scroll of acquirement {unknown}
Potions
 b - 4 potions of curing
 f - a potion of mutation {unknown}
 g - a potion of resistance {unknown}
 i - 2 potions of ambrosia {unknown}
 m - 3 potions of flight {unknown}
 o - 3 potions of degeneration {unknown}
 p - a potion of haste {unknown}
 C - a potion of brilliance {unknown}
 E - a potion of lignification {unknown}


   Skills:
 * Level 9.4 Fighting
 + Level 13.1 Axes
 * Level 9.5 Armour
 * Level 4.9 Dodging
 * Level 5.9 Stealth
 * Level 9.5 Shields
 * Level 7.7 Invocations
 * Level 7.4 Evocations


You had 11 spell levels left.
You didn't know any spells.
Your spell library contained the following spells:

 Spells                   Type           Power      Damage    Failure   Level
 Sublimation of Blood     Necr           0%         N/A       100%        2
 Wereblood                Tmut           0%         N/A       100%        2
 Summon Hydra             Summ           0%         N/A       100%        7


Dungeon Overview and Level Annotations

Branches:
Dungeon (13/15)            Temple (0/1) D:5            Lair (0/6) D:9
    Orc (2/2) D:10         Vaults (0/5) D:13
    Elf: Orc:2

Altars:
Ashenzari
Cheibriados
Kikubaaqudgha
Okawaru
Ru
Vehumet
Wu Jian

Shops:
D:4 !   D:7 (   D:12 *   Orc:1 [

Annotations:
D:7 1 runed translucent door, Sin92's ghost, novice DsFi
Orc:1 Saint Roka


Message History

You block the ogre's attack. You block Saint Roka's attack.
Your orc wizard hits Saint Roka but does no damage.
You hear a shout! x2
There is a stone staircase leading up, spattered with blood here.
The orc warlord roars a battlecry!
The orcs go into a battle-frenzy!
You block the ogre's attack.
Saint Roka calls down the wrath of Beogh upon you.
Beogh smites you!
The orc knight roars a battlecry!
Your orc wizard gestures at the ogre while chanting.
Saint Roka resists with almost no effort.
You climb upwards.
There is a stone staircase leading down here.
Okay, then.
Okay, then.
Aiming: Paralyse
Press: ? - help, Q - select action, (/) - cycle Shift-Dir - straight line, f - Saint Roka
Aim: Saint Roka, wielding a +4 halberd of venom and wearing a +10 plate armour of ponderousness (strong, ally target, chance to affect: 18%) Saint Roka resists with almost no effort.
You block the ogre's attack.
Saint Roka mumbles some strange prayers to Beogh against you.
Beogh smites you!
Your orc wizard barely misses Saint Roka.
Aiming: Paralyse
Press: ? - help, Q - select action, (/) - cycle Shift-Dir - straight line, f/p - Saint Roka
Aim: Saint Roka, wielding a +4 halberd of venom and wearing a +10 plate armour of ponderousness (strong, ally target, chance to affect: 18%) Saint Roka resists with almost no effort.
The now-empty wand crumbles to dust.
Saint Roka hits you with a +4 halberd of venom!!!
Your orc wizard hits Saint Roka but does no damage.
You block the ogre's attack.
As you read the scroll of teleportation, it crumbles to dust.
You feel strangely unstable. You block Saint Roka's attack.
Your orc wizard hits Saint Roka but does no damage.
You swap places.
The ogre barely misses your orc warrior.
Saint Roka hits you from afar with a +4 halberd of venom!!!
You die...
Beogh appreciates Saint Roka's killing of a heretic priest.

.......o.o..#####...#.......##...
......#o.o....#.#....#...##.###.#
......o..o..........#....#....###
#.....o..o.....^...#...........#.
#......................#.........
.#......o....#........[..[.......
............##...............#..#
.......#...##...............##...
..........####..@..........##...#
.##.#..#.##.#...oo.........###.##
..#####........Oo[..........###..
...##......................#.#..o
#.#..............................
.#.....oo........................
.≈≈≈..o....#...................#.
≈≈≈≈≈.#.#####....................
≈≈∩..o### ##.........#..........


You could see Saint Roka (strong, ally target), an ogre, a friendly orc warrior
and a friendly orc wizard.

Vanquished Creatures
  Harold (Orc:1)
  A hydra (D:12)
  A boulder beetle (D:12)
  2 two-headed ogres (D:12)
  Erica (D:10)
  An orc high priest (Orc:1)
  Maurice (Orc:1)
  A gargoyle (D:11)
  Psyche (D:11)
  2 yaktaurs (D:12)
  2 kobold demonologists
  2 komodo dragons
  5 trolls
  Prince Ribbit (D:9)
  A shadow (D:9)
  Sigmund (D:2)
  A vampire (D:9)
  2 wraiths
  12 yaks
  4 steam dragons
  Grum (D:10)
  2 vampire mosquitoes (D:12)
  A warg (Orc:1)
  An acid dragon (D:11)
  Duvessa (D:7)
  3 orc warriors
  A black bear (D:5)
  2 ice beasts
  2 sky beasts
  4 wolves (D:10)
  5 ogres
  4 centaurs
  A phantom (D:5)
  12 kobold brigands
  3 bullfrogs
  A gnoll sergeant (D:12)
  5 scorpions (D:4)
  A wyvern skeleton (D:6)
  Dowan (D:7)
  A water moccasin skeleton (D:6)
  A howler monkey (D:6)
  2 bullfrog zombies (D:6)
  5 hounds
  2 jellies
  5 centaur zombies
  2 orc priests (D:7)
  A centaur skeleton (D:5)
  2 gnoll shamans
  A bullfrog skeleton (D:5)
  2 iguanas
  10 orc wizards
  A killer bee zombie (D:9)
  A hound skeleton (D:5)
  12 gnolls
  A howler monkey skeleton (D:4)
  8 adders
  A shadow imp (D:5)
  A white imp (D:6)
  An ufetubus (D:6)
  An adder zombie (D:5)
  A dart slug (D:4)
  40 orcs
  6 ball pythons
  5 endoplasms
  2 giant cockroaches
  3 goblins
  8 hobgoblins
  4 jackals (D:2)
  2 quokkas
  15 bats
  4 frilled lizards
  26 kobolds
  A quokka skeleton (D:4)
  25 rats
297 creatures vanquished.

Vanquished Creatures (collateral kills)
  Gastronok (Orc:1)
  2 dancing weapons (D:13)
  A deep elf pyromancer (D:12)
  A kobold demonologist (D:12)
  A yaktaur (D:12)
  A freezing wraith (D:12)
  3 trolls
  5 yaks (D:12)
  A vampire mosquito (D:12)
  3 wargs (Orc:2)
  6 orc warriors
  2 ogres (Orc:2)
  2 orc priests
  2 orc wizards
  4 orcs
  A kobold (D:10)
36 creatures vanquished.

Vanquished Creatures (others)
  An orc sorcerer (Orc:2)
  An orc knight (Orc:2)
  4 orc warriors (Orc:2)
  5 orc priests
  5 orc wizards
  24 orcs
  3 fungi (D:4)
  6 plants
  2 withered plants (D:4)
51 creatures vanquished.

Grand Total: 384 creatures vanquished

Notes
Turn   | Place    | Note
-------+----------+-------------------------------------------
     0 | D:1      | cbfl8 the Hill Orc Fighter began the quest for the Orb.
     0 | D:1      | Reached XP level 1. HP: 19/19 MP: 1/1
    73 | D:1      | Reached skill level 3 in Axes
   216 | D:1      | Reached XP level 2. HP: 27/27 MP: 2/2
   684 | D:1      | Reached XP level 3. HP: 32/33 MP: 3/3
   776 | D:1      | Reached skill level 1 in Evocations
  1263 | D:2      | Identified the amulet "Tacvuhui" {Reflect +Blink rF+ Will+
                  | Regen+ SH+5}
  1299 | D:2      | Noticed Sigmund
  1314 | D:2      | Killed Sigmund
  1315 | D:2      | Reached skill level 5 in Axes
  1315 | D:2      | Reached XP level 4. HP: 20/40 MP: 4/4
  1315 | D:2      | Reached XP level 5. HP: 23/46 MP: 5/5
  1951 | D:3      | Reached XP level 6. HP: 51/53 MP: 6/6
  2033 | D:3      | You fall into a shaft and drop 1 floor!
  2168 | D:3      | Identified the ring "Alac" {rF+ rC+ Will+ Str+4}
  2628 | D:4      | Reached skill level 6 in Axes
  2676 | D:4      | Reached XP level 7. HP: 27/60 MP: 7/7
  2988 | D:4      | Reached skill level 7 in Axes
  3164 | D:4      | Found Ceruw's Distillery.
  3179 | D:4      | Bought a potion of curing for 30 gold pieces
  3270 | D:4      | Found an ancient bone altar of Kikubaaqudgha.
  3477 | D:5      | Entered Level 5 of the Dungeon
  3490 | D:5      | Reached XP level 8. HP: 55/67 MP: 8/8
  3554 | D:5      | Reached skill level 5 in Fighting
  3554 | D:5      | Reached skill level 8 in Axes
  3554 | D:5      | Reached skill level 1 in Dodging
  3632 | D:5      | Became a worshipper of Beogh the Brigand
  3635 | D:5      | Reached skill level 9 in Axes
  3635 | D:5      | Reached skill level 5 in Armour
  3743 | D:5      | Reached skill level 5 in Shields
  3758 | D:5      | Found a staircase to the Ecumenical Temple.
  4059 | D:6      | Reached skill level 1 in Invocations
  4059 | D:6      | Reached XP level 9. HP: 57/75 MP: 9/9
  4070 | D:6      | Reached skill level 1 in Stealth
  4188 | D:6      | Found a snail-covered altar of Cheibriados.
  4195 | D:6      | Reached skill level 10 in Axes
  4196 | D:6      | Reached * piety under Beogh
  4791 | D:7      | Found a sacrificial altar of Ru.
  4798 | D:7      | Found a radiant altar of Vehumet.
  4798 | D:7      | Found an ornate altar of the Wu Jian Council.
  5067 | D:7      | Found a runed translucent door.
  5067 | D:7      | Noticed a troll
  5068 | D:7      | Noticed Sin92's ghost (novice DsFi)
  5083 | D:7      | Noticed Duvessa
  5083 | D:7      | Noticed Dowan
  5091 | D:7      | Killed Dowan
  5105 | D:7      | Killed Duvessa
  5362 | D:7      | Reached skill level 5 in Evocations
  5580 | D:7      | Found Beilez's Antique Weapon Shoppe.
  6098 | D:8      | Reached ** piety under Beogh
  6102 | D:8      | Reached XP level 10. HP: 79/84 MP: 12/12
  6272 | D:9      | Reached skill level 11 in Axes
  6658 | D:8      | Noticed a kobold demonologist
  6662 | D:8      | Noticed a soul eater
  6677 | D:8      | Killed a kobold demonologist
  7174 | D:9      | Reached *** piety under Beogh
  7274 | D:9      | Noticed Prince Ribbit
  7296 | D:9      | Killed Prince Ribbit
  7460 | D:9      | Found a staircase to the Lair.
  7566 | D:9      | Reached skill level 5 in Invocations
  7566 | D:9      | Reached XP level 11. HP: 71/94 MP: 14/14
  7786 | D:10     | Entered Level 10 of the Dungeon
  7852 | D:10     | Found a staircase to the Orcish Mines.
  7864 | D:10     | Noticed Erica
  7895 | D:10     | Noticed Grum
  7957 | D:9      | Reached skill level 12 in Axes
  8260 | D:10     | Killed Erica
  9206 | D:10     | Killed Grum
  9853 | D:11     | Noticed Psyche
  9861 | D:11     | Killed Psyche
 10207 | D:11     | Identified the +1 robe "Arpheud" {rElec Will+}
 10602 | D:12     | Found a broken altar of Ashenzari.
 10654 | D:12     | Noticed an eight-headed hydra
 10666 | D:12     | Killed a 13-headed hydra
 10811 | D:12     | Reached XP level 12. HP: 103/103 MP: 16/16
 10828 | D:12     | Noticed a two-headed ogre
 10835 | D:12     | Killed a two-headed ogre
 10835 | D:12     | Reached **** piety under Beogh
 11011 | D:12     | Noticed a boulder beetle
 11023 | D:12     | Killed a boulder beetle
 11048 | D:12     | Reached skill level 5 in Stealth
 11127 | D:12     | Found Peacyze's Changing Room.
 11130 | D:12     | Noticed a two-headed ogre
 11140 | D:12     | Killed a two-headed ogre
 11882 | D:13     | Found a gate to the Vaults.
 11897 | D:13     | Noticed a catoblepas
 12066 | Orc:1    | Entered Level 1 of the Orcish Mines
 12091 | Orc:1    | Noticed Gastronok
 12099 | Orc:1    | Killed Gastronok
 12181 | Orc:1    | Found an iron altar of Okawaru.
 12223 | Orc:1    | Noticed Harold
 12224 | Orc:1    | Noticed Maurice
 12230 | Orc:1    | Killed Harold
 12236 | Orc:1    | Killed Maurice
 12464 | Orc:1    | Reached skill level 13 in Axes
 12544 | Orc:1    | Noticed an orc high priest
 12566 | Orc:1    | Killed an orc high priest
 12747 | Orc:1    | Found Demupp's Antique Armour Shoppe.
 13032 | Orc:2    | Entered Level 2 of the Orcish Mines
 13070 | Orc:2    | Noticed an orc warlord
 13070 | Orc:2    | Noticed an orc high priest
 13076 | Orc:2    | Gained Spirok as an ally
 13079 | Orc:2    | Reached ***** piety under Beogh
 13083 | Orc:2    | Noticed Saint Roka
 13084 | Orc:2    | Your ally Spirok died
 13172 | Orc:1    | Mangled by Saint Roka

Illustrated notes

Levels and vault maps discovered:
D:1:      dpeg_arrival_subterranean_lakeside_camping, layout_loops_ring,
          grunt_decor_clamped
D:2:      layout_loops_ring, uniq_sigmund
D:3:      layout_rooms
D:4:      old_forge, layout_basic, kiku_gazebo_garden_becter,
          nicolae_stop_n_shop_2, nrook_mini_backslash, st_stairs_6,
          minmay_rat_hole
D:5:      layout_rooms, minmay_temple_entry_waves,
          corexii_item_surrounded_by_moat
D:6:      layout_rooms, minmay_ruined_shrine
D:7:      layout_basic, minitemple, ebering_ghost_inner_flame, serial_shops,
          nicolae_square_shop, uniq_duvessa
D:8:      nicolae_cairo_tiling, layout_cave_pools, special_room
          [special_room_kobold]
D:9:      layout_rooms, david_lair_shrubbed, grunt_ministairs_7,
          uniq_prince_ribbit1
D:10:     layout_cave_pools, orc_0_dummy, uniq_erica, uniq_grum
D:11:     layout_loops_ring, chequers_serial_rivers_small_a, uniq_psyche
D:12:     layout_irregular_city, nicolae_transmutations_shop,
          minmay_misc_feat_five, nicolae_ashenzari_skybound
D:13:     layout_layer_cave, erik_vaults_1, not_door_vault_due
Orc:1:    layout_caves, serial_shops, nicolae_shop_waterfront,
          okawaru_metal_pillars_1_2, uniq_harold, uniq_maurice, uniq_gastronok
Orc:2:    grunt_orc_cross, layout_caves, minmay_orc_keep

Skill      XL: |  1  2  3  4  5  6  7  8  9 10 11 12 |
---------------+-------------------------------------+-----
Axes           | 3 5 6 7 9 10 11 12 13 | 13.1
Evocations     | 2 3 4 5 6 7 |  7.4
Fighting       | 4 5 6 7 8 9 |  9.4
Armour         | 4 5 7 8 9 |  9.5
Shields        | 4 5 6 7 8 9 |  9.5
Dodging        | 1 2 3 4 |  4.9
Invocations    | 1 3 5 6 7 |  7.7
Stealth        | 2 3 4 5 |  5.9

Action                   |  1- 3 |  4- 6 |  7- 9 | 10-12 || total
-------------------------+-------+-------+-------+-------++-------
Melee: War axe           |    81 |   143 |   335 |   510 ||  1069
Invok: Convert to Beogh  |       |       |     1 |       ||     1
       Recall Orcish Fol |       |       |       |     3 ||     3
 Abil: Evoke Blink       |       |       |     1 |       ||     1
Evoke: Wand              |       |       |       |    20 ||    20
  Use: Potion            |     1 |       |     3 |     6 ||    10
       Scroll            |       |       |       |    12 ||    12
 Stab: Held in net/web   |       |       |     1 |       ||     1
       Paralysed         |       |       |       |    27 ||    27
       Distracted        |       |       |       |     2 ||     2
Armor: Scale mail        |    50 |    40 |    14 |       ||   104
       Plate armour      |       |       |    93 |       ||    93
       Chain mail        |       |       |    41 |   196 ||   237
Dodge: Dodged            |    32 |    41 |    94 |   183 ||   350
Block: Buckler           |    26 |    77 |   209 |   261 ||   573
       Reflection        |       |       |     3 |    21 ||    24
       Kite shield       |       |       |       |   141 ||   141
